AoeStats
← SneakyStab

Arena

508992302Analyzed
2v2 RM · 7d ago on Sep 25, 2026· 46m 43s· 4 players
Game mode
Random Map
Map size
Medium (4 player)
Population
200
Speed
Normal
Resources
Standard
Victory
Conquest
Starting age
Dark Age
Ending age
Imperial Age
RankedLock teamsTeams togetherTeam positionsShared explorationLock speedFull tech treeHidden civsTurbo modeCheats
Victory
Defeat
🇨🇳 Mongols · China
1559
+12
🇺🇸 Saxons · United States
1474
+16
🇨🇦 Bohemians · Canada
1490
-15
🇨🇦 Varangians · Canada
1446
-13
Fritz X2453
10:38 Feudal Age
14:28 Castle Age
13:09 Double-Bit Axe
13:05 Horse Collar
19:27 Bow Saw
19:47 Loom
21:17 Wheelbarrow
21:11 Heavy Plow
23:14 Hand Cart
25:05 Gold Mining
25:05 Stone Mining
26:01 Light Cavalry
27:19 Fletching
27:29 Padded Archer Armor
30:02 Imperial Age
28:00 Thumb Ring
29:02 Sanctity
28:52 Redemption
30:06 Bodkin Arrow
30:27 Leather Archer Armor
30:27 Husbandry
31:00 Ballistics
31:00 Block Printing
30:13 Clerical Recruitment
31:01 Bracer
30:30 Cranequins
32:20 Heavy Mounted Crossbowman
33:17 Leather Archer Armor
35:09 Scale Barding Armor
35:14 Forging
35:54 Scale Mail Armor
36:07 Squires
37:49 Conscription
38:09 Chain Barding Armor
38:24 Iron Casting
38:20 Ring Archer Armor
40:33 Chain Mail Armor
40:51 Ring Archer Armor
40:29 Arson
40:29 Gambesons
40:24 Elite Hearth Troop
41:40 Hoardings
aunclelikegod02
10:00 Feudal Age
15:21 Castle Age
13:08 Double-Bit Axe
18:48 Loom
20:34 Bow Saw
29:24 Imperial Age
27:37 Stone Mining
29:15 Wheelbarrow
30:50 Fletching
31:17 Gold Mining
32:30 Padded Archer Armor
34:16 Ballistics
34:57 Chemistry
34:48 Conscription
34:39 Bodkin Arrow
36:04 Parthian Tactics
37:04 Gold Shaft Mining
37:05 Stone Shaft Mining
37:27 Bracer
38:01 Hand Cart
38:30 Leather Archer Armor
40:03 Scale Barding Armor
40:09 Forging
40:01 Light Cavalry
41:15 Chain Barding Armor
40:57 Horse Collar
41:35 Bloodlines
41:25 Husbandry
42:37 Iron Casting
42:21 Elite Steppe Lancer
45:05 Blast Furnace
44:31 Capped Ram
45:33 Drill
45:21 Thumb Ring
SneakyStab
10:04 Feudal Age
13:41 Castle Age
12:22 Double-Bit Axe
12:18 Horse Collar
16:00 Bow Saw
16:52 Loom
21:29 Town Watch
22:20 Wheelbarrow
25:04 Hand Cart
26:19 Chemistry
26:19 Heavy Plow
26:55 Town Watch
30:22 Imperial Age
30:00 Padded Archer Armor
29:50 Fletching
31:30 Leather Archer Armor
32:21 Two-Man Saw
32:19 Siege Engineers
33:01 Bodkin Arrow
33:44 Ring Archer Armor
33:02 Elite Skirmisher
33:02 Elite Skirmisher
33:46 Bracer
33:46 Scale Mail Armor
35:46 Ballistics
36:54 Wagenburg Tactics
37:22 Bombard Tower
38:53 Pikeman
40:32 Masonry
40:53 Murder Holes
41:00 Scale Mail Armor
41:12 Forging
42:00 Halberdier
42:40 Squires
44:39 Chain Mail Armor
45:37 Iron Casting
45:48 Architecture
47:19 Plate Mail Armor
Testicouille
9:45 Feudal Age
8:07 Loom
13:35 Castle Age
19:54 Town Watch
26:56 Double-Bit Axe
31:04 Horse Collar
33:30 Wheelbarrow
33:28 Bow Saw
33:45 Heavy Plow
34:46 Fletching
35:59 Ballistics
35:41 Bodkin Arrow
36:00 Elite Skirmisher
38:16 Padded Archer Armor
41:25 Hand Cart
44:51 Hand Cart
45:37 Pikeman
46:18 Squires
46:20 Scale Mail Armor
Connection lost

Rejoining the realm…

Still unreachable

The connection could not be restored.

Session expired

The server has moved on; the page needs a fresh start.